 Dungeon Crawl Stone Soup version 0.18-a0-1396-g8753ca6 (webtiles) character file.

325 Duffy the Conjurer (level 6, 0/32 HPs)
             Began as a Deep Elf Conjurer on Feb 23, 2016.
             Slain by Edmund
             ... wielding a +2 flail of draining
              (1 damage)
             ... on level 4 of the Dungeon.
             The game lasted 00:05:35 (3175 turns).

Duffy the Conjurer (Deep Elf Conjurer)              Turns: 3175, Time: 00:05:36

Health: 0/32       AC:  4    Str:  5    XL:     6   Next: 24%
Magic:  0/17       EV: 17    Int: 20    God:
Gold:   183        SH:  0    Dex: 17    Spells: 5 memorised, 1 level left

rFire  . . .     SeeInvis .     q - +2 hunting sling (evade)
rCold  . . .     Gourm    .     a - +0 robe
rNeg   + . .     Faith    .     (no shield)
rPois  .         Spirit   .     p - +0 helmet
rElec  .         Dismiss  .     (no cloak)
rCorr  .         Reflect  .     A - +0 pair of gloves
SustAt .         Harm     .     (no boots)
MR     .....                    (no amulet)
Stlth  +++.......               n - ring of stealth
                                w - ring of positive energy

@: drained, not resistant to hostile enchantments, fairly stealthy
A: no striking features
a: no special abilities


You were on level 4 of the Dungeon.
You were not hungry.

You visited 1 branch of the dungeon, and saw 4 of its levels.

You collected 183 gold pieces.


   Skills:
 - Level 2.4(1.8) Dodging
 - Level 2.4(1.8) Stealth
 + Level 6.3(5.6) Spellcasting
 + Level 6.5(5.8) Conjurations
 * Level 2.0(1.4) Hexes


You had one spell level left.
You knew the following spells:

 Your Spells              Type           Power        Failure   Level  Hunger
a - Magic Dart            Conj           ####         1%          1    None
c - Iskenderun's Mystic   Conj           ####....     12%         4    ####...
i - Iskenderun's Battles  Conj/Chrm      ###.....     89%         5    #####..
n - Fulminant Prism       Conj/Hex       ###.......   24%         4    ####...
s - Searing Ray           Conj           ####..       1%          2    None

Inventory:

Hand Weapons
 q - a +2 hunting sling of evasion (weapon)
Armour
 a - a +0 robe (worn)
 p - a +0 helmet (worn)
 A - a +0 pair of gloves (worn)
Jewellery
 h - an uncursed ring of see invisible
 n - a ring of stealth (right hand)
 w - a ring of positive energy (left hand)
Wands
 x - a wand of lightning (4/15)
 C - a wand of lightning (7/15)
Scrolls
 d - a scroll of magic mapping {unknown}
 f - 4 scrolls of identify {unknown}
 i - a scroll of enchant weapon {unknown}
 o - a scroll of teleportation {unknown}
 s - 3 scrolls of enchant armour {unknown}
 t - a scroll of fear {unknown}
 u - a scroll of random uselessness {unknown}
 y - a scroll of remove curse {unknown}
Potions
 e - 3 potions of mutation {unknown}
 g - 2 potions of lignification {unknown}
 j - 4 potions of curing {unknown}
 k - 2 potions of haste
 l - a potion of brilliance {unknown}
 m - 2 potions of agility {unknown}
Books
 b - a book of Conjurations
Comestibles
 c - 3 bread rations
 r - a meat ration
 v - a chunk of flesh
 z - 4 beef jerkies
 B - a royal jelly

Dungeon Overview and Level Annotations

Branches:
Dungeon (4/15)
 Temple: D:4-7

Altars:

Annotations:
D:4 Edmund


Message History

Aim: Edmund, wielding a flail of draining and wearing a leather armour (heavily wounded)
The searing ray hits Edmund.
Edmund is severely wounded.
Edmund misses you.
The searing ray hits Edmund.
Edmund is severely wounded.
Edmund hits you with a flail of draining!
You partially resist.
You feel drained.
The searing ray hits Edmund.
Edmund is almost dead.
Edmund barely misses you.
Your magical contamination has completely faded away.
Without enough magic to sustain it, your searing ray dissipates.
Edmund barely misses you.
Edmund says, "People think my brother is the best.
I think he's crazy."
Cast which spell? (? or * to list)
Aiming: Searing Ray
Press: ? - help, Shift-Dir - straight line, f/p - Edmund
Aim: Edmund, wielding a flail of draining and wearing a leather armour (almost dead)
The searing ray hits Edmund.
Edmund is almost dead.
Without enough magic to sustain it, your searing ray dissipates.
Edmund barely misses you.
Edmund says, "You wouldn't believe how much I paid for this flail."
Edmund hits you with a flail of draining.
You partially resist.
You feel drained.
Cast which spell? (? or * to list)
Aiming: Magic Dart
Press: ? - help, Shift-Dir - straight line, f/p - Edmund
Aim: Edmund, wielding a flail of draining and wearing a leather armour (almost dead)
The magic dart hits Edmund.
Edmund is almost dead.
Edmund hits you with a flail of draining!
You partially resist.
You feel drained.
You die...

#.# #.......######
#.# #######.# #.#
#.# ###.### ##'##
#.....# ##...##
#.....# ##.....##
#.....# ##.......##
#....@###.........#
#.....@.'.........+
#.....####.........#
#.##.## ##.......##
#. ### ##.....## #.
##...## ##'## ..#
.... .##.#


You could see Edmund.

Action                   |  1- 3 |  4- 6 || total
-------------------------+-------+-------++-------
Melee: Unarmed           |       |     1 ||     1
 Cast: Magic Dart        |    50 |    97 ||   147
       Searing Ray       |     2 |     8 ||    10
       Fulminant Prism   |       |     3 ||     3
  Eat: Chunk             |       |     7 ||     7

Notes
Turn   | Place    | Note
--------------------------------------------------------------
     0 | D:1      | Duffy the Deep Elf Conjurer began the quest for the Orb.
     0 | D:1      | Reached XP level 1. HP: 10/10 MP: 6/6
   212 | D:1      | Reached XP level 2. HP: 15/15 MP: 1/8
   216 | D:1      | Learned a level 2 spell: Searing Ray
   617 | D:1      | Reached skill level 4 in Spellcasting
   811 | D:2      | Reached XP level 3. HP: 19/19 MP: 8/10
   835 | D:2      | Noticed Sigmund
   968 | D:2      | Killed Sigmund
   968 | D:2      | Reached skill level 5 in Spellcasting
   968 | D:2      | Reached skill level 6 in Conjurations
   968 | D:2      | Reached XP level 4. HP: 15/24 MP: 1/13
   968 | D:2      | Reached XP level 5. HP: 17/28 MP: 1/15
  1088 | D:2      | Learned a level 4 spell: Iskenderun's Mystic Blast
  1093 | D:2      | Learned a level 4 spell: Fulminant Prism
  1225 | D:2      | Noticed Robin
  1546 | D:2      | Reached skill level 6 in Spellcasting
  1562 | D:2      | Killed Robin
  1685 | D:2      | Learned a level 5 spell: Iskenderun's Battlesphere
  2303 | D:3      | Reached XP level 6. HP: 32/32 MP: 9/17
  2309 | D:3      | Reached skill level 1 in Hexes
  3014 | D:4      | Reached skill level 2 in Hexes
  3128 | D:4      | Noticed Edmund
  3175 | D:4      | Slain by Edmund

Vault maps used:
D:1:      dpeg_arrival_concentric_ovals, minmay_surrounded
D:2:      uniq_robin, uniq_sigmund
D:3:      minmay_joined_circles
D:4:      first_bread, serial_bayou_lagoon_b, uniq_edmund

Vanquished Creatures
  Sigmund
  A hound Robin
  An adder
  An ooze
  3 worms
  3 dart slugs
  3 giant geckos
  An orc
  3 giant cockroaches
  12 hobgoblins
  A jackal
  A quokka
  2 ball pythons
  6 bats
  8 giant newts
  17 goblins
  12 kobolds
  14 rats
  3 fulminant prisms
94 creatures vanquished.
